 Dungeon Crawl Stone Soup version 0.30-a0-358-g0d69a1922f (webtiles) character file.

Game seed: 3603799024978379128

15352 retardedninja the Cleaver (level 12, 0/112 HPs)
             Began as a Hill Orc Fighter on Nov 10, 2022.
             Was an Initiate of Gozag.
             Slain by a 15-headed hydra (3 damage)
             ... on level 2 of the Lair of Beasts.
             The game lasted 00:18:22 (13122 turns).

retardedninja the Cleaver (Hill Orc Fighter)       Turns: 13122, Time: 00:18:23

Health: 0/112      AC: 24    Str: 24    XL:     12   Next: 26%
Magic:  12/12      EV:  5    Int:  8    God:    Gozag
Gold:   824        SH: 15    Dex: 10    Spells: 11/11 levels left

rFire   . . .      SeeInvis .    j - +4 war axe "Zifyerphe" {vorpal, rN++}
rCold   . . .      Faith    .    h - +0 tower shield
rNeg    + + .      Spirit   .    D - +2 plate armour
rPois   .          Reflect  .    H - +0 helmet
rElec   .          Harm     .    (no cloak)
rCorr   .          Rampage  .    (no gloves)
Will    .....                    o - +0 pair of boots
Stlth   ..........               (no amulet)
HPRegen 0.38/turn                v - +4 ring of protection
MPRegen 0.13/turn                c - +4 ring of slaying

@: on berserk cooldown, slowed, very slow
A: no striking features
a: Renounce Religion, Potion Petition, Call Merchant, Bribe Branch


You were on level 2 of the Lair of Beasts.
You worshipped Gozag.
Gozag was pleased with you.
You visited 3 branches of the dungeon, and saw 12 of its levels.
You also visited: Volcano.

You collected 1841 gold pieces.
You spent 170 gold pieces at shops.
You paid 847 gold pieces to Gozag.

Inventory:

Hand Weapons
 a - a +2 war axe of freezing
 j - the +4 war axe "Zifyerphe" (weapon) {vorpal, rN++}
   (You acquired it on level 4 of the Dungeon)

   It inflicts extra damage upon your enemies.
   rN:        It greatly protects you from negative energy.
Missiles
 m - 3 javelins
 A - 8 silver javelins (quivered)
Armour
 h - a +0 tower shield (worn)
 o - a +0 pair of boots (worn)
 D - a +2 plate armour (worn)
 H - a +0 helmet (worn)
Jewellery
 c - a +4 ring of slaying (right hand)
 v - a +4 ring of protection (left hand)
 z - a ring of see invisible
 K - a ring of wizardry
Wands
 x - a wand of flame (20)
 E - a wand of roots (4)
 I - a wand of mindburst (5)
 L - a wand of paralysis (5)
Scrolls
 g - 2 scrolls of teleportation
 k - 6 scrolls of poison
 l - 3 scrolls of identify
 p - a scroll of magic mapping
 q - a scroll of silence
 w - 5 scrolls of vulnerability
 y - 2 scrolls of immolation
Potions
 b - 2 potions of attraction
 d - 3 potions of might
 e - 3 potions of brilliance
 f - a potion of invisibility
 i - 2 potions of heal wounds
 n - 4 potions of mutation
 r - 3 potions of resistance
 s - 4 potions of haste
 t - 3 potions of curing
 u - a potion of flight
 B - a potion of magic
 C - a potion of cancellation
 F - a potion of lignification


   Skills:
 + Level 12.3 Fighting
 + Level 13.1 Axes
 + Level 11.3 Armour
 + Level 11.3 Shields


You had 11 spell levels left.
You didn't know any spells.
Your spell library contained the following spells:

 Spells                   Type           Power      Damage    Failure   Level
 Magic Dart               Conj           0%         1d3       100%        1
 Call Imp                 Summ           0%         N/A       100%        2
 Ensorcelled Hibernation  Hex/Ice        0%         N/A       100%        2
 Inner Flame              Hex/Fire       0%         N/A       100%        3
 Mephitic Cloud           Conj/Pois/Air  0%         N/A       100%        3
 Ozocubu's Armour         Ice            0%         N/A       100%        3
 Spider Form              Tmut/Pois      0%         N/A       100%        3
 Anguish                  Hex/Necr       0%         N/A       100%        4
 Flame Wave               Conj/Fire      0%         2d4       100%        4
 Sticky Flame             Conj/Fire      0%         2d3       100%        4
 Ozocubu's Refrigeration  Ice            0%         4d7       100%        7


Dungeon Overview and Level Annotations

Branches:
Dungeon (9/15)             Temple (1/1) D:7            Lair (2/5) D:9
    Orc (0/2) D:9         Volcano (visited)
  Swamp: Lair:2-3    Shoals: Lair:2-3     Snake: Lair:2-3    Spider: Lair:2-3

Altars:
Ashenzari
Dithmenos
Elyvilon
Fedhas
Gozag
Kikubaaqudgha
Makhleb
Okawaru
Uskayaw
Vehumet
Wu Jian
Xom
Zin
The Shining One

Shops:
D:2 !   D:4 ?


Message History

* * * LOW HITPOINT WARNING * * *
The 14-headed hydra bites you.
* * * LOW HITPOINT WARNING * * *
The 14-headed hydra bites you but does no damage.
You barely miss the 14-headed hydra.
The 14-headed hydra is almost dead.
You are no longer berserk.
You are exhausted.
You feel yourself slow down.
Unknown command.
You hack one of the 14-headed hydra's heads off!
The 13-headed hydra grows two more!
You slash the 15-headed hydra!
The 15-headed hydra is almost dead.
The 15-headed hydra bites you.
* * * LOW HITPOINT WARNING * * *
You block the 15-headed hydra's attack. The 15-headed hydra barely misses you.
The 15-headed hydra bites you but does no damage. x2
You block the 15-headed hydra's attack.
The 15-headed hydra bites you but does no damage.
The 15-headed hydra bites you!
* * * LOW HITPOINT WARNING * * *
The 15-headed hydra bites you.
* * * LOW HITPOINT WARNING * * *
The 15-headed hydra bites you but does no damage.
You block the 15-headed hydra's attack.
The 15-headed hydra bites you but does no damage. x2
The 15-headed hydra barely misses you. The 15-headed hydra bites you.
* * * LOW HITPOINT WARNING * * *
The 15-headed hydra bites you but does no damage. x4
The 15-headed hydra bites you.
* * * LOW HITPOINT WARNING * * *
The 15-headed hydra bites you but does no damage.
The 15-headed hydra bites you!
* * * LOW HITPOINT WARNING * * *
The 15-headed hydra bites you.
* * * LOW HITPOINT WARNING * * *
The 15-headed hydra bites you but does no damage.
The 15-headed hydra bites you.
You die...
Your body crumbles into a pile of gold. ..# #.. ..#$ ♣♣... ...♣♣ #.# ..# .....# #..... ..# ♣♣...P###....♣♣ $ # ..# ~~...~≈~≈~...~~ # PP#

~~~...~≈~...~~~ ### ###
≈≈~~...~...~~≈≈ #.. ..#
≈≈~~~..D..~~~≈≈ #P. ..#
♣@♣ ##. ..# ♣$♣ ##.
#.####### ####♣.♣####
#..
..#.♣.♣.#♣♣♣..$$$....♣
#..
..#..♣..♣♣..♣♣♣♣$♣♣♣♣..♣
#.. ..........♣♣♣ .~..
.... #.#..♣..♣♣..♣
♣♣.♣♣♣ ♣#.. #.#.♣.♣.#
♣♣...... #.# #.#######
##### #.#


You could see a 15-headed hydra.

Vanquished Creatures
  A deep elf archer (Volcano)
  5 deep elf pyromancers (Volcano)
  A gargoyle (D:9)
  3 cane toads
  2 komodo dragons (Lair:1)
  A troll (D:9)
  3 blink frogs (Lair:2)
  A hornet (D:8)
  A wraith (D:9)
  3 wyverns
  13 yaks
  4 basilisks
  6 fire elementals (Volcano)
  2 steam dragons
  5 hell hounds (Volcano)
  6 water moccasins
  An orc warrior (D:9)
  An ice beast (D:7)
  3 black bears (D:9)
  A sky beast (D:8)
  8 centaurs
  2 ogres (D:6)
  2 wolves (D:9)
  A phantom (D:5)
  3 kobold brigands
  8 scorpions
  11 bullfrogs
  2 necrophages
  7 wights
  7 killer bees (D:9)
  6 howler monkeys
  A hound (D:5)
  5 jellies
  3 orc priests
  A gnoll bouda (D:3)
  Jessica (D:3)
  Ijyb (D:3)
  4 iguanas
  8 orc wizards
  Terence (D:3)
  9 adders
  8 gnolls
  A river rat (D:3)
  4 white imps
  2 ufetubi
  5 worms
  3 dart slugs
  15 orcs
  7 bats
  8 endoplasms
  6 giant cockroaches
  6 goblins
  10 hobgoblins
  6 jackals (D:1)
  3 quokkas
  9 ball pythons
  5 frilled lizards
  18 kobolds
  10 rats
280 creatures vanquished.

Vanquished Creatures (others)
  3 fungi
  36 plants
39 creatures vanquished.

Grand Total: 319 creatures vanquished

Notes
Turn   | Place    | Note
-------+----------+-------------------------------------------
     0 | D:1      | retardedninja the Hill Orc Fighter began the quest for the
                  | Orb.
     0 | D:1      | Reached XP level 1. HP: 19/19 MP: 1/1
   150 | D:1      | Reached skill level 3 in Axes
   150 | D:1      | Reached XP level 2. HP: 27/27 MP: 2/2
   462 | D:1      | Reached XP level 3. HP: 33/33 MP: 3/3
   798 | D:2      | Found Nust's Distillery.
  1022 | D:2      | Reached XP level 4. HP: 40/40 MP: 4/4
  1524 | D:3      | Noticed Terence
  1530 | D:3      | Killed Terence
  1547 | D:3      | Reached skill level 4 in Axes
  1557 | D:3      | Reached XP level 5. HP: 10/47 MP: 5/5
  1578 | D:3      | HP: 1/47 [gnoll/+0 spear[a gnoll bouda] (4)]
  1997 | D:3      | Noticed Jessica
  2001 | D:3      | Killed Jessica
  2120 | D:3      | Noticed Ijyb
  2132 | D:3      | Killed Ijyb
  2133 | D:3      | Reached XP level 6. HP: 5/55 MP: 6/6
  2430 | D:3      | Found a glowing silver altar of Zin.
  2537 | D:3      | Reached skill level 5 in Fighting
  3107 | D:4      | Reached skill level 5 in Axes
  3597 | D:4      | Reached skill level 5 in Armour
  3664 | D:4      | Found Owniuc's Magic Scroll Emporium.
  3680 | D:4      | Bought a scroll of brand weapon for 95 gold pieces
  3680 | D:4      | Bought a scroll of enchant weapon for 75 gold pieces
  3696 | D:4      | Reached skill level 5 in Shields
  3948 | D:4      | Reached XP level 7. HP: 61/61 MP: 7/7
  4050 | D:4      | Identified a scroll of acquirement
  4051 | D:4      | Acquired the +4 war axe "Zifyerphe" {vorpal, rN++}
  4075 | D:5      | Entered Level 5 of the Dungeon
  4183 | D:5      | Found a blossoming altar of Fedhas.
  4313 | D:5      | Reached skill level 6 in Axes
  4450 | D:5      | Found an iron altar of Okawaru.
  4554 | D:5      | Found an ornate altar of the Wu Jian Council.
  4649 | D:5      | Reached XP level 8. HP: 71/71 MP: 8/8
  4885 | D:6      | Reached skill level 7 in Axes
  5316 | D:6      | Reached XP level 9. HP: 79/79 MP: 9/9
  5486 | D:6      | Reached skill level 8 in Axes
  5875 | D:7      | Found a staircase to the Ecumenical Temple.
  5921 | Temple   | Entered the Ecumenical Temple
  6127 | Temple   | Became a worshipper of Gozag Ym Sagoz the Greedy
  7709 | D:8      | Identified the +7 whip "Q" {protect, Fly rElec}
  7757 | D:8      | Found a radiant altar of Vehumet.
  7767 | D:8      | Reached skill level 9 in Axes
  7841 | D:8      | Noticed a hornet
  7847 | D:8      | Killed a hornet
  7867 | D:8      | Reached XP level 10. HP: 80/91 MP: 10/10
  8631 | D:9      | Found a staircase to the Lair.
  8645 | D:9      | Found a hide-covered altar of Uskayaw.
  8791 | D:9      | Reached skill level 10 in Axes
  8826 | D:9      | Found a staircase to the Orcish Mines.
  9149 | D:9      | Reached skill level 10 in Fighting
  9159 | D:9      | Noticed a gargoyle
  9168 | D:9      | Killed a gargoyle
  9776 | D:9      | Reached skill level 11 in Axes
  9910 | D:9      | Reached XP level 11. HP: 101/101 MP: 11/11
 10037 | Lair:1   | Entered Level 1 of the Lair of Beasts
 10384 | Lair:1   | Reached skill level 10 in Armour
 10384 | Lair:1   | Reached skill level 10 in Shields
 10673 | Lair:1   | Found a dark tunnel.
 10683 | Volcano  | Entered a volcano
 10760 | Volcano  | Reached skill level 12 in Axes
 11174 | Volcano  | Noticed a deep elf pyromancer
 11176 | Volcano  | Noticed a deep elf pyromancer
 11179 | Volcano  | Noticed a deep elf pyromancer
 11193 | Volcano  | Killed a deep elf pyromancer
 11259 | Volcano  | Killed a deep elf pyromancer
 11582 | Volcano  | Killed a deep elf pyromancer
 11605 | Volcano  | Noticed a deep elf pyromancer
 11605 | Volcano  | Noticed a deep elf pyromancer
 11613 | Volcano  | Killed a deep elf pyromancer
 11615 | Volcano  | Killed a deep elf pyromancer
 11625 | Volcano  | Noticed a deep elf archer
 11634 | Volcano  | Killed a deep elf archer
 11635 | Volcano  | Reached XP level 12. HP: 81/112 MP: 12/12
 11968 | Lair:1   | Found a shadowy altar of Dithmenos.
 12637 | Lair:2   | Noticed a boulder beetle
 12642 | Lair:2   | Noticed a six-headed hydra
 13071 | Lair:2   | Reached skill level 13 in Axes
 13102 | Lair:2   | Noticed a seven-headed hydra
 13122 | Lair:2   | HP: 3/112 [15-headed hydra (4)]
 13122 | Lair:2   | Slain by a 15-headed hydra

Illustrated notes

Levels and vault maps discovered:
D:1:      denvon_arrival_waterhouse, layout_basic, nicolae_eternal_life
D:2:      layout_loops_cross, serial_shops, shop
D:3:      minmay_bubble_buster, layout_loops_ring, marbit_many_paths,
          portal_sewer_entry_b, st_stairs_10, nicolae_grassy_gnolls,
          uniq_terence, uniq_ijyb, uniq_jessica
D:4:      layout_cave_pools, serial_shops, shop
D:5:      layout_rooms, nzn_wu_jian_council_hall, mainiacjoe_overflow_alcove_4,
          okawaru_trees_1, minivault_4
D:6:      layout_basic
D:7:      layout_loops_ring, minmay_temple_entry_mist, minmay_misc_feat_tower,
          kennysheep_generic_room_3
D:8:      layout_layer_cave, overflow_temple_1_default, nicolae_titane
D:9:      layout_stronghold, eat_drink_and_be_merry_uskayaw,
          minmay_lair_entry_grove, orc_0_dummy, billiards_dpeg
Temple:   minmay_temple_curvy_branch
Lair:1:   layout_cave_shapes, enter_volcano_1, lemuel_centaur_altar
Lair:2:   nzn_winding_woodlands_large [nzn_winding_woodlands_5x5_cross,
          nzn_winding_woodlands_5x15_concentric,
          nzn_winding_woodlands_5x5_checkerboard,
          nzn_winding_woodlands_center_pierced_h,
          nzn_winding_woodlands_15x15_eel_pit,
          nzn_winding_woodlands_center_triple_pond,
          nzn_winding_woodlands_5x5_open_star, nzn_winding_woodlands_5x15_eye,
          nzn_winding_woodlands_hourglass], layout_gridlike,
          hellmonk_guarded_unrand_seven_league_boots, serial_bayou_shore_a

Skill      XL: |  1  2  3  4  5  6  7  8  9 10 11 12 |
---------------+-------------------------------------+-----
Axes           | 3 4 5 6 7 9 11 12 13 | 13.1
Fighting       | 4 5 6 7 9 10 11 12 | 12.3
Armour         | 4 5 6 8 9 11 | 11.3
Shields        | 4 5 6 8 9 11 | 11.3

Action                   |  1- 3 |  4- 6 |  7- 9 | 10-12 || total
-------------------------+-------+-------+-------+-------++-------
Melee: War axe           |    98 |   184 |   161 |   341 ||   784
Throw: Javelin           |       |       |    23 |     9 ||    32
Invok: Potion Petition   |       |       |       |     2 ||     2
  Use: Potion            |       |     1 |     1 |     8 ||    10
       Scroll            |       |     4 |    22 |     6 ||    32
 Stab: Distracted        |       |       |       |     1 ||     1
Armor: Scale mail        |    58 |       |       |       ||    58
       Chain mail        |       |    93 |    63 |       ||   156
       Plate armour      |       |       |    66 |   370 ||   436
Dodge: Dodged            |    59 |    52 |    39 |   105 ||   255
Block: Buckler           |    19 |    24 |       |       ||    43
       Kite shield       |       |    22 |    69 |   126 ||   217
       Tower shield      |       |       |       |   155 ||   155

Table legend: (Time is in decaauts)
 A = Elapsed time spent in this place.
 B = Non-inter-level travel time spent in this place.
 C = Inter-level travel time spent in this place.
 D = Time resting spent in this place.
 E = Time spent auto-exploring this place.
 F = Levels seen in this place.
 G = Mean time per level.
                   A        B        C        D        E       F      G
               +--------+--------+--------+--------+--------+-----+--------+
         Total |  13323 |  12878 |    445 |   2895 |   7795 |  13 | 1024.8 |
       Dungeon |  10015 |   9619 |    396 |   1368 |   6626 |   9 | 1112.8 |
        Temple |    214 |    206 |      8 |      0 |    171 |   1 |  214.0 |
          Lair |   1949 |   1908 |     41 |    780 |    816 |   2 |  974.5 |
       Volcano |   1143 |   1143 |      0 |    747 |    180 |   1 | 1143.0 |
               +--------+--------+--------+--------+--------+-----+--------+

Top non-repeatable levels by time:
     D:3: 1573 daAuts
     D:9: 1530 daAuts
     D:7: 1409 daAuts
  Lair:1: 1357 daAuts
     D:8: 1165 daAuts
 Volcano: 1143 daAuts
     D:4: 1071 daAuts
     D:6: 874 daAuts
     D:5: 829 daAuts
     D:1: 825 daAuts
     D:2: 737 daAuts
  Lair:2: 592 daAuts
  Temple: 214 daAuts
